 Dungeon Crawl Stone Soup version 0.20-a0-38-g7d30548 (webtiles) character file.

464 Faca the Skirmisher (level 6, 0/57 HPs)
             Began as a Minotaur Abyssal Knight on Nov 11, 2016.
             Was a Believer of Lugonu.
             Succumbed to a scorpion's poison
             ... on level 4 of the Dungeon.
             The game lasted 00:26:31 (2954 turns).

Faca the Skirmisher (Minotaur Abyssal Knight)       Turns: 2954, Time: 00:26:32

Health: 0/57       AC: 14    Str: 16    XL:     6   Next: 80%
Magic:  6/6        EV:  1    Int:  9    God:    Lugonu [**....]
Gold:   56         SH: 13    Dex: 12    Spells: 0 memorised, 5 levels left

rFire  . . .     SeeInvis .     n - -2 long sword (curse)
rCold  . . .     Gourm    .     k - +0 plate armour
rNeg   . . .     Faith    .     h - +0 large shield
rPois  .         Spirit   .     b - +0 hat
rElec  .         Reflect  .     l - +0 cloak
rCorr  .         Harm     .     p - +0 pair of gloves
MR     .....                    (no boots)
Stlth  ..........               s - amulet of inaccuracy (curse)
                                (no ring)
                                (no ring)

@: lethally poisoned (0 -> -5)
A: retaliatory headbutt, horns 2
a: Depart the Abyss, Bend Space, Renounce Religion


You were on level 4 of the Dungeon.
You worshipped Lugonu.
Lugonu was pleased with you.
You were not hungry.

You visited 1 branch of the dungeon, and saw 4 of its levels.
You visited the Abyss 1 time.

You collected 286 gold pieces.
You spent 230 gold pieces at shops.

Inventory:

Hand Weapons
 a - a +1 falchion
 g - a +2 quarterstaff of chaos
 n - a cursed -2 long sword (weapon)
 t - a cursed -1 flail
Missiles
 i - 6 tomahawks (quivered)
Armour
 b - a +0 hat (worn)
 h - a +0 large shield (worn)
 k - a +0 plate armour (worn)
 l - a +0 cloak (worn)
 p - a +0 pair of gloves (worn)
Jewellery
 s - a cursed amulet of inaccuracy (around neck)
Wands
 o - a wand of iceblast (9/15)
Scrolls
 j - a scroll of recharging
 q - a scroll of teleportation
 r - a scroll of enchant armour
Potions
 e - a potion of flight {unknown}
 m - a potion of brilliance
Comestibles
 c - 2 bread rations
 f - a beef jerky


   Skills:
 + Level 5.7 Fighting
 + Level 4.8 Long Blades
 + Level 4.6 Armour
 - Level 1.8 Dodging
 + Level 3.4 Shields
 - Level 2.0 Invocations


You had 5 spell levels left.
You didn't know any spells.

Dungeon Overview and Level Annotations

Branches:
Dungeon (4/15)
 Temple: D:4-7

Altars:
Cheibriados
The Shining One

Shops:
D:4 [


Innate Abilities, Weirdness & Mutations

You reflexively headbutt those who attack you in melee.
You have a pair of horns on your head.


Message History

The magic dart hits you!
* * * LOW HITPOINT WARNING * * *
You feel sick.
* * * LOW HITPOINT WARNING * * *
You feel sick.
The orc wizard hits you but does no damage.
You see here 18 gold pieces.
You now have 56 gold pieces (gained 18).
You block the orc wizard's attack.
The orc wizard hits you but does no damage.
You hit the orc wizard.
The orc wizard is lightly wounded.
* * * LOW HITPOINT WARNING * * *
You feel sick.
The orc wizard hits you but does no damage.
The scorpion stings you but does no damage.
You block the orc wizard's attack.
You barely miss the orc wizard.
The orc wizard is lightly wounded.
You die...

............ #....
#........... #....
...###..#### #....
#.# ##.# ## #....
#.####.###. ....
#####..........
...###...#........#.
#.s....#.####.....
#@o....#.#####...∩
+......).....##.#.
#......#††...##...
#...####.....##..#
##### #......#...
#......#.#†
#...<..++#.
###..........
#............


You could see a scorpion and an orc wizard.

Vanquished Creatures
  The ghost of Speleothing the Ruffian, an amateur TrMo (D:4)
  A scorpion (D:4)
  A howler monkey (D:4)
  A hound (D:4)
  Crazy Yiuf (D:3)
  A bullfrog skeleton (D:4)
  A worker ant (D:4)
  A hound skeleton (D:3)
  An adder (D:2)
  2 oozes
  2 worms (D:2)
  3 dart slugs
  2 leopard geckos
  6 orcs
  3 ball pythons
  4 giant cockroaches
  7 goblins
  4 hobgoblins
  4 jackals (D:4)
  6 kobolds
  A quokka (D:2)
  7 bats
  2 frilled lizards (D:1)
  A jackal skeleton (D:4)
  7 rats
70 creatures vanquished.

Notes
Turn   | Place    | Note
-------+----------+-------------------------------------------
     0 | Abyss:1  | Faca the Minotaur Abyssal Knight began the quest for the Orb.
     0 | Abyss:1  | Reached XP level 1. HP: 19/19 MP: 1/1
    17 | Abyss:1  | Found a corrupted altar of Lugonu.
    48 | D:1      | Escaped the Abyss
   142 | D:1      | Reached skill level 4 in Fighting
   157 | D:1      | Reached XP level 2. HP: 23/27 MP: 2/2
   324 | D:1      | Reached * piety under Lugonu
   669 | D:1      | Reached XP level 3. HP: 23/33 MP: 3/3
  1465 | D:2      | Reached ** piety under Lugonu
  1481 | D:2      | Reached XP level 4. HP: 41/41 MP: 4/4
  1864 | D:3      | Found a runed door.
  1868 | D:3      | Noticed Crazy Yiuf
  1875 | D:3      | Killed Crazy Yiuf
  1875 | D:3      | Reached skill level 1 in Shields
  1937 | D:3      | Found a glowing golden altar of the Shining One.
  1954 | D:3      | Found a snail-covered altar of Cheibriados.
  2344 | D:4      | Reached skill level 5 in Fighting
  2344 | D:4      | Reached XP level 5. HP: 46/48 MP: 5/5
  2446 | D:4      | Noticed Speleothing's ghost (amateur TrMo)
  2479 | D:4      | Killed Speleothing's ghost
  2479 | D:4      | Reached XP level 6. HP: 28/56 MP: 6/6
  2710 | D:4      | Found Tilocisk's Antique Armour Shoppe.
  2722 | D:4      | Bought a shiny scale mail for 230 gold pieces
  2950 | D:4      | HP: 2/57 [poisoned by a scorpion]
  2954 | D:4      | Succumbed to a scorpion's poison

Vault maps used:
D:1:      zaba_arrival_water
D:2:      first_bread
D:3:      old_standard_altar, kennysheep_small_spiral,
          hangedman_decor_clover_reticule, cheibriados_altar_1,
          uniq_crazy_yiuf_cottage
D:4:      serial_shops, shop
Abyss:1:  bh_abyss_exit_spiral

Skill      XL: |  1  2  3  4  5  6 |
---------------+-------------------+-----
Fighting       | 4 5 |  5.7
Long Blades    | 3 4 |  4.8
Armour         | 3 4 |  4.6
Invocations    | 2 |  2.0
Shields        | 1 2 3 |  3.4
Dodging        | |  1.8

Action                   |  1- 3 |  4- 6 || total
-------------------------+-------+-------++-------
Melee: Falchion          |    77 |    31 ||   108
       Headbutt          |    18 |    34 ||    52
       Long sword        |       |   154 ||   154
Throw: Tomahawk          |     2 |       ||     2
Invok: Depart the Abyss  |     1 |       ||     1
  Use: Potion            |     3 |     2 ||     5
       Scroll            |     3 |     6 ||     9
  Eat: Meat ration       |     1 |       ||     1
       Bread ration      |       |     1 ||     1
Armor: Leather armour    |    17 |       ||    17
       Scale mail        |    11 |     9 ||    20
       Ring mail         |     2 |       ||     2
       Plate armour      |       |   143 ||   143
Dodge: Dodged            |    44 |     9 ||    53
Block: Large shield      |    10 |   152 ||   162
       Rpst.: Falchion   |     9 |     1 ||    10
       Long sword        |       |     2 ||     2
